AoeStats
← Ethan

MegaRandom

510539524Analyzed
2v2 RM · 2d ago on Oct 1, 2026· 28m 8s· 4 players
Game mode
Random Map
Map size
Medium (4 player)
Population
200
Speed
Normal
Resources
Standard
Victory
Conquest
Starting age
Dark Age
Ending age
Imperial Age
RankedLock teamsTeams togetherTeam positionsShared explorationLock speedFull tech treeHidden civsTurbo modeCheats
Victory
Defeat
🇨🇳 Teutons · China
1230
+14
🇮🇳 Burgundians · India
1173
+16
🇩🇪 Saxons · Germany
1184
-15
🇩🇪 Varangians · Germany
1183
-15
Ethan
0:41 Loom
10:17 Feudal Age
10:49 Double-Bit Axe
10:45 Horse Collar
13:14 Bloodlines
16:03 Forging
18:35 Scale Barding Armor
24:12 Castle Age
25:52 Iron Casting
25:37 Chain Barding Armor
26:04 Wheelbarrow
Rotten_Potato
0:58 Loom
6:22 Double-Bit Axe
9:34 Wheelbarrow
11:37 Feudal Age
13:09 Bow Saw
14:05 Hand Cart
13:50 Town Watch
16:27 Horse Collar
21:29 Castle Age
20:19 Gold Mining
21:01 Scale Mail Armor
21:11 Scale Barding Armor
21:17 Forging
22:32 Fletching
25:34 Cavalier
26:16 Husbandry
27:51 Chain Barding Armor
fickr
0:37 Loom
11:36 Feudal Age
16:21 Castle Age
18:18 Double-Bit Axe
18:13 Horse Collar
18:43 Squires
21:12 Arson
24:25 Pikeman
26:46 Wheelbarrow
26:46 Forging
PaulTschigerillo
0:30 Loom
11:18 Feudal Age
16:54 Castle Age
17:12 Double-Bit Axe
17:13 Horse Collar
18:37 Bow Saw
Connection lost

Rejoining the realm…

Still unreachable

The connection could not be restored.

Session expired

The server has moved on; the page needs a fresh start.